 Dungeon Crawl Stone Soup version 0.23-a0-407-g92528d7 (webtiles) character file.

35764 reaverb the Spear-Bearer (level 14, -3/109 HPs)
             Began as a Human Warper on Nov 6, 2018.
             Was a High Priest of Hepliaklqana.
             Killed from afar by a smoke demon (13 damage)
             ... with a ball of steam
             ... on level 3 of the Abyss on Nov 7, 2018.
             The game lasted 01:26:11 (23764 turns).

reaverb the Spear-Bearer (Human Warper)            Turns: 23764, Time: 01:26:11

Health: -3/109     AC: 12    Str: 14    XL:     14   Next: 20%
Magic:  18/20      EV: 17    Int: 19    God:    Hepliaklqana [*****.]
Gold:   1160       SH:  0    Dex: 12    Spells: 1/22 levels left

rFire    . . .     SeeInvis .   a - +3 halberd (pain)
rCold    . . .     Gourm    .   (shield currently unavailable)
rNeg     . . .     Faith    +   h - +2 robe {MR+}
rPois    .         Spirit   .   (no helmet)
rElec    .         Reflect  .   (no cloak)
rCorr    .         Harm     .   u - +2 pair of gloves
MR       ++...                  F - +2 pair of boots
Stlth    ++........             c - amulet of faith {!P}
HPRegen  0.28/turn              j - ring of wizardry
MPRegen  0.17/turn              k - +2 ring of intelligence

@: about to teleport
A: reduced essence, rugged brown scales 2
a: Recall Ancestor, Ancestor Identity, Transference, Idealise, Renounce Religion


You were on level 3 of the Abyss.
You worshipped Hepliaklqana.
Hepliaklqana was extremely pleased with you.
You were very hungry.

You visited 2 branches of the dungeon, and saw 16 of its levels.
You visited the Abyss 1 time.
You also visited: Labyrinth.

You collected 1160 gold pieces.

Notes
Turn   | Place    | Note
-------+----------+-------------------------------------------
     0 | D:1      | reaverb the Human Warper began the quest for the Orb.
     0 | D:1      | Reached XP level 1. HP: 16/16 MP: 3/3
   250 | D:1      | Reached XP level 2. HP: 22/22 MP: 5/5
   717 | D:1      | Learned a level 2 spell: Blink
   721 | D:1      | Learned a level 2 spell: Shroud of Golubria
   758 | D:1      | Reached XP level 3. HP: 27/27 MP: 6/6
  1256 | D:1      | Huge Dmg: 6 Dmg
  1560 | D:2      | Reached XP level 4. HP: 26/33 MP: 5/7
  1676 | D:2      | Huge Dmg: 9 Dmg
  1820 | D:2      | Huge Dmg: 8 Dmg
  2958 | D:3      | Reached XP level 5. HP: 38/38 MP: 6/8
  3035 | D:3      | Found a hazy altar of Hepliaklqana.
  3059 | D:3      | Became a worshipper of Hepliaklqana the Forgotten
  3210 | D:3      | Reached skill level 5 in Polearms
  3377 | D:3      | Found a bloodstained altar of Trog.
  3717 | D:3      | Found a deep blue altar of Sif Muna.
  3859 | D:3      | Reached * piety under Hepliaklqana
  3967 | D:4      | Found a staircase to the Ecumenical Temple.
  4081 | D:4      | Noticed Edmund
  4172 | D:4      | Noticed Duvessa
  4172 | D:4      | Noticed Dowan
  4296 | D:4      | Huge Dmg: 9 Dmg
  4309 | D:4      | Huge Dmg: 5 Dmg
  4596 | D:4      | Found a shimmering altar of Xom.
  4831 | D:5      | Entered Level 5 of the Dungeon
  4831 | D:5      | Reached ** piety under Hepliaklqana
  4832 | D:5      | Remembered your ancestor Thamphthis as a battlemage
  4838 | D:5      | Huge Dmg: 12 Dmg
  4839 | D:5      | Reached XP level 6. HP: 20/39 MP: 6/9
  4860 | D:5      | Learned a level 4 spell: Passage of Golubria
  5011 | D:5      | Noticed an ogre
  5017 | D:5      | Killed an ogre
  5089 | D:5      | Huge Dmg: 12 Dmg
  5367 | D:5      | Reached XP level 7. HP: 45/45 MP: 7/10
  5442 | D:5      | Found an ancient bone altar of Kikubaaqudgha.
  5651 | D:4      | Noticed Pikel
  5848 | D:6      | Huge Dmg: 8 Dmg
  5849 | D:6      | Reached skill level 1 in Invocations
  5961 | D:6      | Huge Dmg: 26 Dmg
  5962 | D:6      | Huge Dmg: 8 Dmg
  6247 | D:6      | Upgraded the game from 0.23-a0-404-g0063841 to
                  | 0.23-a0-405-g368ce00
  6302 | D:6      | Reached XP level 8. HP: 51/51 MP: 8/11
  6518 | D:6      | Huge Dmg: 22 Dmg
  6854 | D:6      | Huge Dmg: 15 Dmg
  6863 | D:6      | Huge Dmg: 6 Dmg
  7046 | D:6      | Learned a level 3 spell: Teleport Other
  7295 | D:6      | Found a sacrificial altar of Ru.
  7523 | D:6      | Huge Dmg: 20 Dmg
  7526 | D:6      | Huge Dmg: 10 Dmg
  7527 | D:6      | HP: 2/52 [orc warrior/+0 dire flail (21)]
  7528 | D:6      | Huge Dmg: 21 Dmg
  8146 | D:7      | Reached *** piety under Hepliaklqana
  8152 | D:7      | Found a white marble altar of Elyvilon.
  8163 | D:7      | Reached XP level 9. HP: 58/58 MP: 9/12
  8506 | D:7      | Huge Dmg: 13 Dmg
  8512 | D:7      | Huge Dmg: 8 Dmg
  8517 | D:6      | Huge Dmg: 9 Dmg
  8518 | D:6      | Reached skill level 5 in Fighting
  8518 | D:6      | Reached skill level 5 in Dodging
  8853 | D:6      | Huge Dmg: 13 Dmg
  8864 | D:6      | Huge Dmg: 9 Dmg
  8866 | D:6      | Huge Dmg: 11 Dmg
  9043 | D:6      | Huge Dmg: 13 Dmg
  9193 | D:7      | Identified a book of Necromancy
  9343 | D:7      | Found a white marble altar of Elyvilon.
  9686 | D:7      | Found a runed door.
 10060 | D:8      | Huge Dmg: 11 Dmg
 10301 | D:8      | Huge Dmg: 12 Dmg
 10411 | D:8      | Noticed a hippogriff
 10418 | D:8      | Huge Dmg: 16 Dmg
 10421 | D:8      | Killed a hippogriff
 10421 | D:8      | Reached XP level 10. HP: 51/68 MP: 13/13
 10501 | D:8      | Learned a level 1 spell: Animate Skeleton
 10664 | D:8      | Reached skill level 1 in Necromancy
 10868 | D:8      | Found a burning altar of Makhleb.
 10870 | D:8      | Noticed an Executioner
 11208 | D:9      | Huge Dmg: 13 Dmg
 11212 | D:9      | Huge Dmg: 13 Dmg
 11446 | D:9      | Huge Dmg: 10 Dmg
 11469 | D:8      | HP: 6/69 [poisoned by a killer bee]
 11477 | D:8      | HP: 6/69 [poisoned by a killer bee]
 11482 | D:8      | Huge Dmg: 6 Dmg
 12199 | D:9      | Found a staircase to the Orcish Mines.
 12305 | D:9      | Reached **** piety under Hepliaklqana
 12305 | D:9      | Identified a book of Minor Magic
 12369 | D:9      | Huge Dmg: 25 Dmg
 12500 | D:9      | Huge Dmg: 15 Dmg
 12839 | D:9      | Noticed a deep elf mage
 12849 | D:9      | Huge Dmg: 24 Dmg
 12850 | D:9      | Killed a deep elf mage
 12850 | D:9      | Reached XP level 11. HP: 38/77 MP: 14/14
 13056 | D:9      | Identified a book of Frost
 13065 | D:9      | Identified a book of Misfortune
 13203 | D:10     | Entered Level 10 of the Dungeon
 13374 | D:10     | Reached skill level 5 in Invocations
 13411 | D:10     | Huge Dmg: 22 Dmg
 13414 | D:10     | Huge Dmg: 19 Dmg
 13415 | D:10     | Huge Dmg: 18 Dmg
 13418 | D:10     | HP: 6/77 [troll (9)]
 13419 | D:10     | Huge Dmg: 9 Dmg
 13746 | D:10     | Huge Dmg: 19 Dmg
 13748 | D:10     | Huge Dmg: 9 Dmg
 14467 | D:10     | Huge Dmg: 16 Dmg
 14617 | D:10     | Huge Dmg: 18 Dmg
 14776 | D:10     | Huge Dmg: 17 Dmg
 15014 | D:10     | Upgraded the game from 0.23-a0-405-g368ce00 to
                  | 0.23-a0-407-g92528d7
 15031 | D:10     | Found a staircase to the Lair.
 15585 | D:10     | Learned a level 3 spell: Vampiric Draining
 15620 | D:10     | Noticed a manticore
 15626 | D:10     | Huge Dmg: 35 Dmg
 15629 | D:10     | Huge Dmg: 8 Dmg
 15630 | D:10     | HP: 7/77 [barbs]
 15631 | D:10     | Huge Dmg: 6 Dmg
 15978 | D:10     | Huge Dmg: 11 Dmg
 15979 | D:10     | Huge Dmg: 29 Dmg
 15979 | D:10     | HP: 6/77 [manticore (7)]
 15980 | D:10     | Huge Dmg: 7 Dmg
 15980 | D:10     | Killed a manticore
 16323 | D:10     | Learned a level 3 spell: Regeneration
 16426 | D:10     | Huge Dmg: 25 Dmg
 16611 | D:10     | Identified a book of Maledictions
 16702 | D:11     | Noticed a tengu warrior
 16759 | D:11     | Huge Dmg: 14 Dmg
 16887 | D:11     | Huge Dmg: 50 Dmg
 17006 | Lair:1   | Entered Level 1 of the Lair of Beasts
 17011 | D:10     | Huge Dmg: 17 Dmg
 17087 | Lair:1   | Huge Dmg: 21 Dmg
 17090 | Lair:1   | Reached XP level 12. HP: 67/84 MP: 11/18
 17335 | Lair:1   | Noticed an eight-headed hydra
 17341 | Lair:1   | Huge Dmg: 46 Dmg
 17638 | D:10     | Learned a level 4 spell: Animate Dead
 17839 | Lair:2   | Got a jewelled trident
 17840 | Lair:2   | Identified the +3 trident of Beogh's Regard {flame, rPois
                  | Str+4} (You found it on level 2 of the Lair of Beasts)
 17884 | Lair:2   | Noticed a catoblepas
 17893 | Lair:2   | Killed a catoblepas
 17936 | Lair:2   | Reached ***** piety under Hepliaklqana
 18050 | Lair:2   | Reached skill level 10 in Polearms
 18056 | Lair:2   | Reached skill level 5 in Necromancy
 18113 | Lair:2   | Identified a book of Clouds
 18237 | Lair:2   | Found a staircase to the Snake Pit.
 18245 | Lair:2   | Huge Dmg: 16 Dmg
 18251 | Lair:2   | Huge Dmg: 27 Dmg
 18503 | Lair:1   | Huge Dmg: 25 Dmg
 18503 | Lair:1   | Killed a 13-headed hydra
 18509 | Lair:1   | Huge Dmg: 13 Dmg
 18510 | Lair:1   | Noticed Joseph
 18591 | Lair:2   | Huge Dmg: 17 Dmg
 18745 | Lair:2   | Killed Joseph
 18753 | Lair:1   | Huge Dmg: 24 Dmg
 19013 | Lair:1   | Huge Dmg: 17 Dmg
 19131 | Lair:1   | Reached skill level 10 in Fighting
 19183 | Lair:1   | Huge Dmg: 20 Dmg
 19185 | Lair:1   | Huge Dmg: 18 Dmg
 19310 | Lair:1   | Noticed an eight-headed hydra
 19709 | Lair:1   | Killed a ten-headed hydra
 19709 | Lair:1   | Reached XP level 13. HP: 84/93 MP: 14/19
 19780 | Lair:1   | Huge Dmg: 12 Dmg
 19900 | Lair:2   | Noticed Gastronok
 20240 | Lair:3   | Noticed an eight-headed hydra
 20297 | Lair:3   | Noticed a seven-headed hydra
 20320 | Lair:1   | Huge Dmg: 24 Dmg
 20640 | Lair:3   | Huge Dmg: 19 Dmg
 20641 | Lair:3   | Killed an eight-headed hydra
 20838 | Lair:3   | Huge Dmg: 22 Dmg
 21206 | Lair:3   | Found a staircase to the Swamp.
 21274 | Lair:3   | Huge Dmg: 24 Dmg
 21276 | Lair:3   | Huge Dmg: 14 Dmg
 21279 | Lair:3   | Killed an eight-headed hydra
 21563 | Lair:4   | Noticed a six-headed hydra
 21569 | Lair:4   | Huge Dmg: 21 Dmg
 21570 | Lair:4   | Killed a six-headed hydra
 21574 | Lair:4   | Huge Dmg: 15 Dmg
 21805 | Lair:4   | Huge Dmg: 19 Dmg
 21806 | Lair:4   | Huge Dmg: 18 Dmg
 22317 | Lair:4   | Gained mutation: You are partially covered in rugged brown
                  | scales. (AC +1, +3% HP) [potion of mutation]
 22317 | Lair:4   | Gained mutation: You are mostly covered in rugged brown
                  | scales. (AC +2, +5% HP) [potion of mutation]
 22365 | Lair:4   | Identified a book of Cantrips
 22369 | Lair:4   | Learned a level 1 spell: Apportation
 22435 | Lair:4   | Reached skill level 1 in Stealth
 22435 | Lair:4   | Reached skill level 1 in Evocations
 22482 | Lair:5   | Noticed Rupert
 22517 | Lair:5   | Huge Dmg: 19 Dmg
 22518 | Lair:5   | Huge Dmg: 17 Dmg
 22519 | Lair:5   | Huge Dmg: 28 Dmg
 22727 | Lair:5   | Huge Dmg: 22 Dmg
 22728 | Lair:5   | Huge Dmg: 17 Dmg
 22847 | Lair:5   | Found a labyrinth entrance.
 22865 | Lab      | Entered a labyrinth
 23289 | Lab      | Noticed a minotaur
 23297 | Lab      | Huge Dmg: 32 Dmg
 23298 | Lab      | Killed a minotaur
 23298 | Lab      | Reached XP level 14. HP: 104/108 MP: 15/20
 23304 | Lab      | Huge Dmg: 35 Dmg
 23307 | Lab      | Identified a book of Beasts
 23307 | Lab      | Identified the Incunabulum of Creative Attacks
 23307 | Lab      | Identified a book of the Dragon
 23309 | Lab      | Got a transparent mace
 23309 | Lab      | Got a brightly glowing plate armour
 23424 | Lair:5   | Found a staircase to the Slime Pits.
 23424 | Lair:5   | Found a viscous altar of Jiyva.
 23454 | Lair:5   | Cast into level 3 of the Abyss (Rupert)
 23478 | Abyss:3  | Found a corrupted altar of Lugonu.
 23548 | Abyss:3  | Huge Dmg: 24 Dmg
 23564 | Abyss:3  | Noticed a lich
 23573 | Abyss:3  | Noticed a deep elf sorcerer
 23574 | Abyss:3  | Noticed a starcursed mass
 23575 | Abyss:3  | Noticed a starcursed mass
 23577 | Abyss:3  | Huge Dmg: 37 Dmg
 23758 | Abyss:3  | Huge Dmg: 16 Dmg
 23760 | Abyss:3  | Huge Dmg: 16 Dmg
 23762 | Abyss:3  | HP: 3/109 [smoke demon/ball of steam (21)]
 23763 | Abyss:3  | Huge Dmg: 28 Dmg
 23764 | Abyss:3  | Killed from afar by a smoke demon

Inventory:

Hand Weapons
 a - a +3 halberd of pain (weapon)
 b - the +3 trident of Beogh's Regard {flame, rPois Str+4}
   (You found it on level 2 of the Lair of Beasts)

   It has been specially enchanted to burn those struck by it, causing extra
   injury to most foes and up to half again as much damage against particularly
   susceptible opponents.
   It affects your strength (+4).
   It protects you from poison.
 U - a +1 arbalest of velocity
 X - a +0 glaive
Missiles
 e - 5 tomahawks of dispersal
 i - 16 javelins of returning
 y - 6 poisoned tomahawks (quivered)
 A - 27 tomahawks
Armour
 h - a +2 robe of magic resistance (worn)
 u - a +2 pair of gloves (worn)
 F - a +2 pair of boots (worn)
 N - the +6 plate armour "Cibaefi" {rN+ Dex+2, unknown}
   (You found it in a labyrinth)

   It affects your dexterity (+2).
   It protects you from negative energy.
 P - a +3 plate armour of cold resistance
 V - a +0 leather armour of poison resistance
Jewellery
 c - an amulet of faith (around neck) {!P}
 j - a ring of wizardry (left hand)
 k - a +2 ring of intelligence (right hand)
 E - an uncursed ring of fire
Wands
 n - a wand of acid (9)
 s - a wand of enslavement (12)
 B - a wand of iceblast (26)
 D - a wand of flame (23)
 O - a wand of paralysis (4)
 R - a wand of disintegration (12)
 Y - a wand of random effects (2)
Scrolls
 d - 7 scrolls of blinking
 q - 11 scrolls of remove curse
 r - a scroll of magic mapping
 v - 3 scrolls of enchant weapon
 x - 5 scrolls of fog
 C - 2 scrolls of teleportation
 I - 3 scrolls of noise {unknown}
 K - 2 scrolls of random uselessness {unknown}
 L - 2 scrolls of fear
 Q - 2 scrolls of brand weapon
 S - a scroll of vulnerability {unknown}
 W - a scroll of enchant armour
 Z - 2 scrolls of amnesia
Potions
 g - 4 potions of magic
 l - a potion of heal wounds
 m - 6 potions of mutation {!q}
 o - 2 potions of invisibility
 p - 3 potions of flight
 t - a potion of brilliance
 w - 3 potions of resistance
 G - a potion of agility
 H - 4 potions of curing
 J - a potion of might
 T - 2 potions of haste
Comestibles
 f - 18 rations

Table legend:
 A = Turns spent in this place as a percentage of turns spent in the entire game.
 B = Non-inter-level travel turns spent in this place as a percentage of non-inter-level travel turns spent in the entire game.
 C = Inter-level travel turns spent in this place as a percentage of turns spent in this place.
 D = Turns resting spent in this place as a percentage of non-inter-level travel turns spent in this place.
 E = Turns spent auto-exploring this place as a percentage of non-inter-level travel turns spent in this place.
 F = Non-inter-level travel turns spent in this place divided by the number of levels of this place that you've seen.
                   A       B       C       D       E      F
               +-------+-------+-------+-------+-------+----------------------
         Total | 100.0 | 100.0 |   6.2 |  40.5 |  16.1 | 1238.1
       Dungeon |  73.8 |  73.5 |   6.6 |  41.6 |  21.6 | 1488.7
          Lair |  22.8 |  22.9 |   5.8 |  41.9 |   0.9 | 1022.2
         Abyss |   1.3 |   1.4 |   0.0 |  18.4 |   0.0 | 310.0
     Labyrinth |   2.1 |   2.2 |   0.0 |   4.3 |   0.0 | 488.0
               +-------+-------+-------+-------+-------+----------------------


   Skills:
 + Level 12.1 Fighting
 + Level 12.7 Polearms
 - Level 1.0 Throwing
 - Level 3.0 Armour
 - Level 9.6 Dodging
 - Level 4.2 Stealth
 - Level 4.5 Spellcasting
 - Level 6.0 Necromancy
 - Level 4.2 Translocations
 - Level 7.6 Invocations
 - Level 3.8 Evocations


You had one spell level left.
You knew the following spells:

 Your Spells              Type           Power        Failure   Level  Hunger
a - Blink                 Tloc           N/A          1%          2    #......
b - Regeneration          Chrm/Necr      ###.......   4%          3    ###....
c - Passage of Golubria   Tloc           N/A          9%          4    ####...
d - Teleport Other        Tloc           ###.....     2%          3    ###....
e - Animate Skeleton      Necr           N/A          1%          1    None
f - Vampiric Draining     Necr           ####......   1%          3    ###....
g - Apportation           Tloc           ###...       1%          1    None
h - Animate Dead          Necr           N/A          4%          4    ####...

Your spell library contained the following spells:

 Spells                   Type           Power        Failure   Level  Hunger
 Pain                     Necr           ####         1%          1    None
 Confusing Touch          Hex            #.....       5%          1    None
 Corona                   Hex            #......      5%          1    None
 Flame Tongue             Conj/Fire      #....        5%          1    None
 Freeze                   Ice            #...         5%          1    None
 Magic Dart               Conj           #...         5%          1    None
 Summon Butterflies       Summ           #.......     5%          1    None
 Summon Small Mammal      Summ           #...         5%          1    None
 Gell's Gravitas          Tloc           ###.......   2%          3    ###....
 Lesser Beckoning         Tloc           ###.......   2%          3    ###....
 Shroud of Golubria       Chrm/Tloc      ##........   3%          2    #......
 Call Imp                 Summ           #.......     9%          2    #......
 Ensorcelled Hibernation  Hex/Ice        #.....       9%          2    #......
 Poisonous Vapours        Pois/Air       #.....       9%          2    #......
 Slow                     Hex            #.......     9%          2    #......
 Throw Frost              Conj/Ice       #.....       9%          2    #......
 Call Canine Familiar     Summ           #.......     16%         3    ###....
 Confuse                  Hex            #.......     16%         3    ###....
 Conjure Flame            Conj/Fire      #.......     16%         3    ###....
 Dazzling Spray           Conj/Hex       #.....       16%         3    ###....
 Mephitic Cloud           Conj/Pois/Air  #.......     16%         3    ###....
 Ozocubu's Armour         Chrm/Ice       #.......     16%         3    ###....
 Stone Arrow              Conj/Erth      #.....       16%         3    ###....
 Tukima's Dance           Hex            #.......     16%         3    ###....
 Cause Fear               Hex            #.........   45%         4    ####...
 Petrify                  Tmut/Erth      #.......     45%         4    ####...
 Summon Ice Beast         Ice/Summ       #.......     45%         4    ####...
 Throw Icicle             Conj/Ice       #.......     45%         4    ####...
 Metabolic Englaciation   Hex/Ice        #.........   78%         5    ######.
 Summon Demon             Summ           #.........   78%         5    ######.
 Summon Mana Viper        Hex/Summ       #.......     78%         5    ######.
 Venom Bolt               Conj/Pois      #.........   78%         5    ######.
 Yara's Violent Unravell  Hex/Tmut       #.........   78%         5    ######.
 Bolt of Fire             Conj/Fire      #.........   100%        6    #######
 Freezing Cloud           Conj/Ice/Air   #.........   100%        6    #######
 Dragon Form              Tmut           #.........   100%        7    #######
 Orb of Destruction       Conj           #.........   100%        7    #######
 Ring of Flames           Chrm/Fire      #.........   100%        7    #######
 Summon Hydra             Summ           #.........   100%        7    #######
 Dragon's Call            Summ           #.........   100%        9    #######


Dungeon Overview and Level Annotations

Branches:
Dungeon (11/15)            Temple (0/1) D:4            Lair (5/6) D:10
  Swamp (0/4) Lair:3        Snake (0/4) Lair:2        Slime (0/5) Lair:5
    Orc (0/2) D:9

Altars:
Elyvilon
Hepliaklqana
Kikubaaqudgha
Makhleb
Ru
Sif Muna
Trog
Xom
Jiyva

Annotations:
D:4 Dowan, Duvessa, Edmund, Pikel
D:6 3 exclusions
D:7 1 runed door
Lair:2 !, Gastronok
Lair:5 Rupert


Innate Abilities, Weirdness & Mutations

Your life essence is reduced to manifest your ancestor. (-10% HP)
You are mostly covered in rugged brown scales. (AC +2, +5% HP)


Message History

Press: ? - help, Dir - move target cursor, f/p - thrashing horror
Aim: a thrashing horror (lightly damaged)
Okay, then.
Unknown command.
Unknown command.
You closely miss the thrashing horror.
The thrashing horror is severely damaged.
The thrashing horror tramples you!
You hold your ground!
The thrashing horror tramples you but does no damage.
The thrashing horror tramples your guardian serpent zombie!
Your guardian serpent zombie holds its ground!
The thrashing horror closely misses your guardian serpent zombie.
Your guardian serpent zombie barely misses the thrashing horror.
The smoke demon gestures at you. Something smites you!
Damage: -18%(-20hp) hp: 78%(84hp) Unknown command.
As you read the scroll of teleportation, it crumbles to dust.
You feel strangely unstable.
You feel the power of the Abyss delaying your translocation!
The thrashing horror misses you.
The thrashing horror tramples you but does no damage.
The thrashing horror tramples your guardian serpent zombie.
Your guardian serpent zombie holds its ground!
The thrashing horror tramples your guardian serpent zombie.
Your guardian serpent zombie holds its ground!
Your guardian serpent zombie is destroyed!
You impale the thrashing horror!!
You destroy the thrashing horror!
The thrashing horror tramples you but does no damage.
The thrashing horror misses you.
You puncture the thrashing horror!
The thrashing horror is moderately damaged.
The thrashing horror tramples you!
You hold your ground!
The thrashing horror closely misses you.
The thrashing horror tramples you but does no damage. x2
Damage: -13%(-15hp) hp: 65%(70hp)
You barely miss the thrashing horror.
The thrashing horror is moderately damaged.
The thrashing horror barely misses you.
The thrashing horror tramples you but does no damage.
You puncture the thrashing horror!
The thrashing horror is heavily damaged.
The thrashing horror tramples you but does no damage.
The thrashing horror barely misses you.
You hit the thrashing horror.
The thrashing horror is severely damaged.
The thrashing horror closely misses you. x2
You slash the thrashing horror!
You destroy the thrashing horror!
The thrashing horror barely misses you. x2
You slash the thrashing horror!
The thrashing horror is moderately damaged.
The thrashing horror completely misses you.
The thrashing horror tramples you but does no damage.
The smoke demon gestures at you. The ball of steam hits you!
Huge Dmg: -15%(-16hp) hp: 51%(55hp)
You puncture the smoke demon!
The smoke demon is moderately wounded.
You are engulfed in a cloud of scalding steam.
The smoke demon gestures at you. The sticky flame hits you!
You are covered in liquid flames!
* * * LOW HITPOINT WARNING * * *
The smoke demon gestures at you. Something smites you!
* * * LOW HITPOINT WARNING * * *
Huge Dmg: -15%(-16hp) hp: 36%(39hp)
You are covered in liquid flames!
* * * LOW HITPOINT WARNING * * *
Damage: -2%(-2hp) hp: 34%(37hp)
Okay, then.
You are covered in liquid flames!
* * * LOW HITPOINT WARNING * * *
Things that are here:
a +0 longbow; 16 arrows; Damage: -5%(-6hp) hp: 29%(31hp) Unknown command.
You are covered in liquid flames!
* * * LOW HITPOINT WARNING * * *
The smoke demon gestures at you. The ball of steam hits you!
* * * LOW HITPOINT WARNING * * *
Huge Dmg: -26%(-28hp) hp: 3%(3hp)
You feel much better.
You are engulfed in a cloud of scalding steam.
* * * LOW HITPOINT WARNING * * *
You are covered in liquid flames!
* * * LOW HITPOINT WARNING * * *
The smoke demon closely misses you. The smoke demon misses you.
The smoke demon closely misses you.
Casting: Animate Dead (safe; 4% risk of failure)
Confirm with . or Enter, or press ? or * to list all spells.
You blink.
You are covered in liquid flames!
* * * LOW HITPOINT WARNING * * *
The smoke demon gestures at you.
The ball of steam hits the smoke demon.
The smoke demon resists.
The ball of steam hits you!
You die...

# # ≈## # .
.♣≈. . .
.≈≈.# . ...
#≈≈# ...
#.#####≈≈#
. .
#.#..#≈≈#.
..#
#...@#♣# #
. .
#..##.§..#
. .
#..#§#X#.
..
#§.##3#.##.
.... . ..#.
#§3#..# .
.# #
####....# .
# # ...§#
... #.##..
# ## ..


You could see a thrashing horror.

Table legend:
 A = Kills in this place as a percentage of kills in entire the game.
 B = Kills by you in this place as a percentage of kills by you in the entire game.
 C = Kills by friends in this place as a percentage of kills by friends in the entire game.
 D = Other kills in this place as a percentage of other kills in the entire game.
 E = Experience gained in this place as a percentage of experience gained in the entire game.
 F = Experience gained in this place divided by the number of levels of this place that you have seen.
                   A       B       C       D       E      F
               +-------+-------+-------+-------+-------+----------------------
         Total | 100.0 | 100.0 | 100.0 |   N/A | 100.0 | 2838.4
       Dungeon |  67.4 |  69.7 |  64.6 |   N/A |  30.2 | 1402.1
          Lair |  30.1 |  27.5 |  33.1 |   N/A |  57.9 | 5917.2
         Abyss |   1.8 |   1.9 |   1.7 |   N/A |   8.6 | 4391.0
     Labyrinth |   0.8 |   0.9 |   0.6 |   N/A |   3.3 | 1692.0
               +-------+-------+-------+-------+-------+----------------------

Vanquished Creatures
  3 hydras
  A catoblepas (Lair:2)
  A sun demon (Abyss:3)
  2 thrashing horrors (Abyss:3)
  An oklob plant (Lair:1)
  A manticore (D:10)
  2 elephants
  2 guardian serpents
  Joseph (Lair:2)
  A black mamba (Lair:5)
  3 spiny frogs
  4 komodo dragons
  2 trolls
  2 slime creatures (D:10)
  2 blink frogs
  2 hippogriffs
  2 shadows (Lab)
  14 yaks
  A wyvern (D:9)
  A basilisk (Lair:1)
  2 swamp worms (Lair:3)
  3 water moccasins
  An ice beast (D:10)
  5 porcupines
  An orc warrior (D:8)
  2 sky beasts (D:10)
  A black bear (D:7)
  A slave (D:5)
  An ogre (D:9)
  5 wolves
  2 centaurs
  4 crocodiles
  5 bullfrogs
  3 scorpions
  3 killer bees
  4 electric eels
  A wight (D:8)
  A howler monkey (D:10)
  3 crimson imps
  2 centaur zombies
  4 hounds
  A bullfrog skeleton (D:5)
  2 jellies (D:10)
  4 orc priests
  An orc wizard (D:10)
  An iguana (D:10)
  2 worker ants
  2 killer bee zombies (D:10)
  A hound zombie (D:9)
  2 hound skeletons
  5 adders
  3 oozes
  3 worms
  3 dart slugs
  3 leopard geckos
  17 orcs
  2 ball pythons (D:2)
  8 bats
  A giant cockroach (D:3)
  10 goblins
  9 hobgoblins
  3 jackals
  4 quokkas
  8 frilled lizards
  9 kobolds
  6 rats
212 creatures vanquished.

Vanquished Creatures (collateral kills)
  A minotaur (Lab)
  2 hydras
  A satyr (Abyss:3)
  A death yak (Lair:4)
  A wretched star (Abyss:3)
  A deep elf mage (D:9)
  An elephant (Lair:4)
  A black mamba (Lair:1)
  A guardian serpent (Abyss:3)
  8 spiny frogs
  3 komodo dragons
  A troll (D:10)
  5 blink frogs
  3 slime creatures
  7 hippogriffs
  A shadow (D:10)
  3 hogs
  19 yaks
  A human (D:7)
  2 hungry ghosts (D:10)
  3 porcupines
  5 water moccasins
  6 orc warriors
  3 ice beasts
  2 black bears
  2 sky beasts
  2 necrophages
  10 wolves
  3 ogres
  A crocodile (Lair:4)
  2 big kobolds
  4 bullfrogs
  A water moccasin zombie (D:6)
  A water moccasin skeleton (D:10)
  5 killer bees
  3 wights (D:8)
  A bullfrog zombie (D:10)
  3 howler monkeys (D:9)
  3 jellies
  2 hounds
  3 orc priests
  4 orc wizards
  2 iguanas
  5 worker ants
  3 adders
  4 shadow imps
  2 worms
  11 orcs
  A bat (D:3)
  A giant cockroach (D:3)
  3 hobgoblins (D:3)
  3 jackals
  A quokka (D:4)
  A jackal skeleton (D:5)
  9 kobolds
  2 fungi
180 creatures vanquished.

Vanquished Creatures (others)
  19 battlemagi
  2 ancestors (D:4)
  7 fungi
  10 plants
38 creatures vanquished.

Grand Total: 430 creatures vanquished

Action                   |  1- 3 |  4- 6 |  7- 9 | 10-12 | 13-15 || total
-------------------------+-------+-------+-------+-------+-------++-------
Melee: Spear             |   111 |   275 |   287 |       |       ||   673
       Halberd           |       |       |     4 |   447 |   213 ||   664
       Trident           |       |       |       |     4 |    38 ||    42
Throw: Tomahawk          |       |     2 |     2 |     1 |     1 ||     6
 Cast: Shroud of Golubri |     3 |    37 |    33 |    34 |       ||   107
       Blink             |       |     2 |       |     5 |     3 ||    10
       Animate Skeleton  |       |       |       |     4 |       ||     4
       Passage of Golubr |       |       |       |     6 |     8 ||    14
       Regeneration      |       |       |       |    23 |    30 ||    53
       Vampiric Draining |       |       |       |     4 |       ||     4
       Animate Dead      |       |       |       |    14 |    17 ||    31
       Apportation       |       |       |       |       |     5 ||     5
Invok: Ancestor Life: Ba |       |     1 |       |       |       ||     1
       Recall Ancestor   |       |       |     2 |     4 |     3 ||     9
       Transference      |       |       |     1 |       |       ||     1
       Idealise          |       |       |       |     3 |     1 ||     4
Evoke: Wand              |       |       |       |     6 |     5 ||    11
  Use: Scroll            |       |     6 |     1 |    18 |     5 ||    30
       Potion            |       |       |     1 |     1 |     4 ||     6
 Stab: Distracted        |       |       |     3 |    11 |     4 ||    18
       Sleeping          |       |       |     1 |     1 |     1 ||     3
  Eat: Chunk             |     2 |    12 |    12 |    22 |    17 ||    65
       Ration            |       |     1 |     2 |     5 |       ||     8
Armor: Leather armour    |     6 |       |       |       |       ||     6
       Robe              |    14 |    56 |    34 |    85 |    55 ||   244
Dodge: Dodged            |    47 |   127 |   122 |   368 |   170 ||   834
